Unix xNetHack Version 7.1.0 - last build Dec 11 2022 15:18:36 (91bc4d2507b4b34ac92889b06d50a936f6bde808). Game began 2022-12-31 23:52:03, ended 2023-01-01 22:23:02. UristMcRaven, chaotic female elven Wizard --- . -------- . |......| . ###-......| . #% |......| . # -|------ . # ### ## # # # # ## # ## ---.-% ##### |....# --------|- |...|Y#####-...#....+ |...|@ |......^.| |...|# |........| |.$.|# ---------- -----# UristMcRaven the Thaumaturge St:10 Dx:15 Co:14 In:17 Wi:9 Ch:12 Chaotic Dlvl:12 $:548 HP:0(46) Pw:10(88) AC:5 Xp:8/1432 T:3134 Latest messages: In what direction? The spell hits the wraith! The wraith resists! The wraith touches you! In what direction? You destroy the wraith! You see here a wraith corpse. There is a wraith corpse here; eat it? [ynq] (n) This wraith corpse tastes okay. You feel more experienced. Welcome to experience level 8. Pick an object. You hear a chugging sound. In what direction? The magic missile hits the leprechaun! In what direction? The magic missile hits the leprechaun! In what direction? You kill the leprechaun! In what direction? You kill the leprechaun! You see here a leprechaun corpse. $ - 357 gold pieces {3}. You see here a giant spider corpse. In what direction? You kill the leprechaun! You don't have enough energy to cast that spell. $ - 391 gold pieces {3}. The leprechaun punches you! Your purse feels lighter. The leprechaun vanishes! You don't have enough energy to cast that spell. You bash the leprechaun. The leprechaun punches you! Your purse feels lighter. The leprechaun vanishes! The sasquatch punches you! The sasquatch punches you! The sasquatch kicks! What do you want to use or apply? Never mind. You don't have anything to zap. You don't have enough energy to cast that spell. You bash the sasquatch. The sasquatch punches you! The sasquatch punches you! The sasquatch kicks! You die... Do you want your possessions identified? [ynq] (y) Do you want to see your attributes? [ynq] (y) Major events: Turn 1: UristMcRaven the chaotic female elven Wizard entered the dungeon 379: entered the Gnomish Mines 414: attained the rank of Conjurer (level 3) 2358: attained the rank of Thaumaturge (level 6) 3134: killed by a sasquatch Inventory: Inventory: 595/650 weight (42/52 slots) Coins ('$') $ - 548 gold pieces {5} Weapons (')') f - an uncursed +0 dagger {10} h - a blessed +1 orcish dagger {10} i - 6 uncursed +0 darts {6} k - 8 uncursed +0 silver darts {8} K - an uncursed +0 knife {5} W - 8 uncursed rusty +0 shuriken {8} Armor ('[') b - an uncursed +0 cloak of magic resistance (being worn) {8} m - an uncursed +0 leather light armor (being worn) {113} p - an uncursed rusty +0 helmet (being worn) {23} H - an uncursed +0 pair of high boots (being worn) {15} P - an uncursed +0 elven cloak {10} S - an uncursed +0 pair of high boots {20} Comestibles ('%') o - an uncursed tripe ration {10} r - 3 uncursed food rations {60} u - an uncursed banana {2} z - an uncursed cram ration {15} V - an uncursed partly eaten food ration {4} Scrolls ('?') a - an uncursed scroll of enchant armor {5} j - a cursed scroll of blank paper {5} s - a blessed scroll of destroy armor {5} x - an uncursed scroll of enchant weapon {5} B - a blessed scroll of blank paper {5} D - 2 uncursed scrolls of identify {10} F - 2 uncursed scrolls of blank paper {10} G - a blessed scroll of enchant weapon {5} I - an uncursed scroll of water {5} L - an uncursed scroll of create monster {5} N - an uncursed scroll of remove curse {5} Spellbooks ('+') c - a blessed spellbook of force bolt (wielded) {35} d - a blessed spellbook of magic missile {40} Rings ('=') e - a cursed ring of polymorph {3} C - an uncursed -1 ring of increase accuracy {3} E - an uncursed ring of fire resistance {3} J - an uncursed ring of fire resistance {3} U - a cursed ring of regeneration {3} Potions ('!') q - 2 uncursed potions of booze {40} A - an uncursed potion of hallucination {20} T - an uncursed potion of speed {20} Tools ('(') g - an uncursed tooled horn {18} t - an uncursed pea whistle {3} y - an uncursed platinum lock pick {6} Q - an uncursed bone lock pick {1} UristMcRaven the Wizard's attributes: Background: You were a Thaumaturge, a level 8 female elven Wizard. You were chaotic, on a mission for Anhur who was opposed by Ptah (lawful) and Thoth (neutral). You were heterosexual. You were in the Dungeons of Doom, on level 12. You entered the dungeon 3134 turns ago. It was nighttime. You had 1432 experience points, 1128 more were needed to attain level 9. Basics: You had 0 out of 46 hit points. You had 10 out of 88 energy points (spell power). Your armor class was 5. Your wallet contained 548 zorkmids. Autopickup was on for '$"=/!?+' plus thrown, with exceptions. Final Characteristics: Your strength was 10 (limit:18). Your dexterity was 15 (limit:18). Your constitution was 14 (limit:16). Your intelligence was 17 (limit:20). Your wisdom was 9 (limit:20). Your charisma was 12 (limit:18). Final Status: You were not hungry. You were unencumbered. You were wielding a spellbook. Final Attributes: You were piously aligned. You were magic-protected. You were sleep resistant. You were telepathic. You had infravision. You were warded. You were harmed by iron. You are dead. Miscellaneous: You disabled loading of bones levels. Total elapsed playing time was 57 minutes and 53 seconds. Vanquished creatures: a wraith 2 giant beetles a cockatrice 4 leprechauns 2 giant spiders a brown pudding a human zombie a bugbear 4 Mordor orcs a rock piercer a fog cloud 3 violet fungi a ghoul 2 paper golems 6 giant ants a floating eye a kobold shaman a rothe a giant bat a gas spore 2 hobbits a manes a hobgoblin 6 giant rats a brown mold 3 yellow molds a green mold a red mold a gnome 2 geckos 5 jackals 2 foxes 3 kobolds 2 goblins a sewer rat 7 grid bugs 3 bats 3 lichens 6 newts 87 creatures vanquished. No species were genocided or became extinct. Voluntary challenges: You never hit with a wielded weapon. You read items or engraved 1 time. You never genocided any monsters. You never polymorphed an object. You never changed form. You never touched an artifact. You used no wishes. You never owned a pet. You never scared an enemy with impunity. You were celibate. You never generated conflict. Achievements: You entered the Gnomish Mines. You attained the rank of Conjurer. You entered a shop. You attained the rank of Thaumaturge. The Dungeons of Doom: levels 1 to 12 Level 1: "vault tp" A fountain. Level 2: An altar, a fountain. Stairs down to The Gnomish Mines. Level 3: "vault tp" A general store. Level 4: Level 5: Level 6: An armor shop, an altar. Level 7: Many fountains. Oracle of Delphi. Level 8: A sink. Level 12: <- You were here. A tree. Final resting place for you, killed by a sasquatch. The Gnomish Mines: Level 3: Game over: __________ / \ / REST \ / IN \ / PEACE \ / \ | UristMcRaven | | 548 Au | | killed by a | | sasquatch | | | | | | 2023 | *| * * * | * _________)/\\_//(\/(/\)/\//\/|_)_______ Goodbye UristMcRaven the Wizard... You died in The Dungeons of Doom on dungeon level 12 with 5216 points, and 548 pieces of gold, after 3134 moves. You were level 8 with a maximum of 46 hit points when you died.